 Dungeon Crawl Stone Soup version 0.31-a0-1183-gd88bbb8b4d (webtiles) character file.

Game seed: 10357592032931705689

746 qw the Skirmisher (level 7, -2/43 HPs)
             Began as a Gargoyle Hunter on Dec 11, 2023.
             Slain by an ogre
             ... wielding a +0 giant club
              (14 damage)
             ... on level 5 of the Dungeon.
             The game lasted 00:01:35 (3531 turns).

qw the Skirmisher (Gargoyle Hunter)                 Turns: 3531, Time: 00:01:35

Health: -2/43      AC: 12    Str: 14    XL:     7   Next: 77%
Magic:  7/7        EV: 11    Int: 10    God:
Gold:   215        SH:  0    Dex: 15    Spells: 6/6 levels left

rFire   . . .        a - +0 shortbow
rCold   . . .        (shield currently unavailable)
rNeg    + . .        f - +0 ring mail
rPois   inf          (no helmet)
rElec   +            (no cloak)
rCorr   .            g - +0 pair of gloves
SInv    .            i - +0 pair of boots
Will    +....        (no amulet)
Stlth   +            d - +4 ring of slaying {mikee}
HPRegen 0.27/turn    h - ring of willpower
MPRegen 0.10/turn

%: no passive effects
@: no status effects
A: sickness immunity, AC +4, negative energy resistance 1, electricity
resistance, torment resistance 1, petrification resistance
a: no special abilities


You were on level 5 of the Dungeon.
You visited 2 branches of the dungeon, and saw 6 of its levels.
You also visited: Ossuary.

You collected 215 gold pieces.


Innate Abilities, Weirdness & Mutations

You are immune to sickness and miasma.
Your stone body is resilient. (AC +4)
You are immune to poison.
You resist negative energy. (rN+)
You are resistant to electric shocks. (rElec)
You are resistant to unholy torment.
You are immune to petrification.


   Skills:
 + Level 4.2 Fighting
 - Level 8.2 Ranged Weapons
 - Level 2.6 Armour
 - Level 1.5 Dodging
 - Level 1.1 Stealth


You had 6 spell levels left.
You didn't know any spells.
Your spell library was empty.

Inventory:

Hand Weapons
 a - a +0 shortbow (weapon)
Armour
 f - a +0 ring mail (worn)
 g - a +0 pair of gloves (worn)
 i - a +0 pair of boots (worn)
Jewellery
 d - a +4 ring of slaying (left hand) {mikee}
 h - a ring of willpower (right hand)
Scrolls
 l - a scroll of identify
Potions
 c - a potion of cancellation
 e - a potion of enlightenment
 j - 2 potions of mutation
 k - a potion of resistance
 m - 3 potions of curing

Dungeon Overview and Level Annotations

Branches:
Dungeon (5/15)             Temple (1/1) D:4         Ossuary (visited)

Altars:
Cheibriados
Elyvilon
Fedhas
Gozag
Kikubaaqudgha
Nemelex Xobeh
Ru
Sif Muna
Trog
Uskayaw
Vehumet
Wu Jian
Xom
Yredelemnul
The Shining One


Message History

You shoot an arrow.
The arrow hits the iguana but does no damage.
You shoot an arrow. The arrow closely misses the iguana.
The iguana closely misses you.
You shoot an arrow. The arrow hits the iguana.
The iguana is moderately wounded.
The iguana closely misses you.
You shoot an arrow. The arrow hits the iguana.
The iguana is heavily wounded.
The iguana bites you but does no damage.
You shoot an arrow. The arrow hits the iguana.
The iguana is almost dead.
The iguana bites you but does no damage.
You shoot an arrow. The arrow hits the iguana.
The iguana is almost dead.
The iguana bites you!
You shoot an arrow. The arrow completely misses the iguana.
The iguana closely misses you.
You shoot an arrow. The arrow hits the iguana.
You kill the iguana!
You start resting.
HP restored.
An ogre comes into view. It is wielding a +0 giant club.
The ogre shouts!
You shoot an arrow. The arrow hits the ogre.
The ogre is lightly wounded.
You shoot an arrow. The arrow hits the ogre!
The ogre is heavily wounded.
You shoot an arrow.
The arrow hits the ogre but does no damage.
The ogre is heavily wounded.
You shoot an arrow. The arrow hits the ogre.
The ogre is heavily wounded.
The ogre hits you with a +0 giant club!!
Ouch! That really hurt!
You shoot an arrow. The arrow hits the ogre.
The ogre is severely wounded.
You shoot an arrow. The arrow completely misses the ogre.
The ogre hits you with a +0 giant club!
You die...

...............#+##....#
#####..#######.........#
..# #..##..............#
#.###.....###........#
......##### #........#
..##### #........#
###### #.##.##### ......
...##.# ....[# ######@#
####.# ......O....# #
..#####.##.# # ... # #
#.# # ... # #.# # #.# #


You could see an ogre.

Vanquished Creatures
  An ogre (D:4)
  3 elf zombies (Ossuary)
  A scorpion (D:4)
  2 centaur zombies (Ossuary)
  A human zombie (Ossuary)
  A jelly (D:4)
  2 iguanas
  2 mummies (Ossuary)
  9 adders
  3 adder zombies (Ossuary)
  A worm (D:1)
  A dart slug (D:1)
  2 orcs
  7 ball pythons
  8 bats
  7 endoplasms
  8 goblins
  5 hobgoblins
  5 jackals
  5 quokkas
  4 frilled lizards
  A goblin zombie (Ossuary)
  11 hobgoblin zombies (Ossuary)
  2 jackal zombies (Ossuary)
  6 kobolds
  8 kobold zombies (Ossuary)
  6 orc zombies (Ossuary)
  4 rats
116 creatures vanquished.

Notes
Turn   | Place    | Note
-------+----------+-------------------------------------------
     0 | D:1      | qw the Gargoyle Hunter began the quest for the Orb.
     0 | D:1      | Reached XP level 1. HP: 12/12 MP: 1/1
     0 | D:1      | 0 ||| qw: Version: 0.3-a-106-g2cfff9e
     0 | D:1      | 0 ||| qw: Game counter: 2089
     0 | D:1      | 0 ||| qw: Melee chars always use a shield: true
     0 | D:1      | 0 ||| qw: God list: Okawaru
     0 | D:1      | 0 ||| qw: Allow faded altars: false
     0 | D:1      | 0 ||| qw: Do Orc after clearing Dungeon:15 true
     0 | D:1      | 0 ||| qw: Do second Lair branch before Depths: true
     0 | D:1      | 0 ||| qw: Lair rune preference: random
     0 | D:1      | 0 ||| qw: Goals: Normal, Save, Zot:1-4, Win
     0 | D:1      | 0 ||| PLANNING D:1-11
   102 | D:1      | Reached XP level 2. HP: 17/17 MP: 2/2
   586 | D:1      | Reached XP level 3. HP: 21/21 MP: 3/3
   593 | D:1      | Reached skill level 5 in Ranged Weapons
   800 | D:1      | 800 ||| UPGRADING to +0 ring mail.
   810 | D:1      | 810 ||| DROPPING +0 leather armour.
   811 | D:1      | 811 ||| UPGRADING to +0 pair of gloves.
   816 | D:1      | 816 ||| UPGRADING to +4 ring of slaying {mikee}.
   817 | D:1      | 817 ||| DRINKING 2 bubbling purple potions.
   818 | D:1      | 818 ||| DRINKING murky clear potion.
   819 | D:1      | 819 ||| DRINKING yellow potion.
   820 | D:1      | 820 ||| DRINKING 2 bubbling blue potions.
   821 | D:1      | 821 ||| DROPPING scroll of butterflies.
   822 | D:1      | 822 ||| DROPPING potion of ambrosia.
   863 | D:2      | 863 ||| STAIRDANCE
   907 | D:2      | Reached skill level 1 in Armour
  1211 | D:2      | Found a white marble altar of Elyvilon.
  1258 | D:2      | Found a faded altar of an unknown god.
  1348 | D:2      | Reached XP level 4. HP: 27/27 MP: 4/4
  1365 | D:2      | Reached skill level 3 in Fighting
  1625 | D:2      | 1625 ||| READING 3 scrolls labelled BAMIKOR HIRUKLA.
  1625 | D:2      | 1625 ||| IDENTIFYING puce potion
  1626 | D:2      | 1626 ||| READING 2 scrolls of identify.
  1626 | D:2      | 1626 ||| IDENTIFYING sedimented blue potion
  1627 | D:2      | 1627 ||| READING scroll of identify.
  1627 | D:2      | 1627 ||| IDENTIFYING 2 pink potions
  1628 | D:2      | 1628 ||| READING scroll labelled VEM XAD JOTUAPP.
  1629 | D:2      | 1629 ||| READING scroll labelled ZAJ WILUMUU.
  1634 | D:2      | 1634 ||| DRINKING 2 emerald potions.
  1635 | D:2      | 1635 ||| DROPPING 2 potions of lignification.
  1636 | D:2      | 1636 ||| DROPPING potion of degeneration.
  1882 | D:3      | Found a hide-covered altar of Uskayaw.
  1985 | D:3      | Reached XP level 5. HP: 32/32 MP: 5/5
  2261 | D:3      | 2261 ||| READING 2 scrolls of identify.
  2261 | D:3      | 2261 ||| IDENTIFYING bubbling yellow potion
  2313 | D:4      | 2313 ||| PLANNING OSSUARY
  2457 | D:4      | Reached skill level 6 in Ranged Weapons
  2693 | D:4      | Found a sand-covered staircase.
  2694 | D:4      | 2694 ||| UPGRADING to +0 pair of boots.
  2699 | D:4      | 2699 ||| UPGRADING to ring of willpower.
  2700 | D:4      | 2700 ||| READING 2 scrolls of identify.
  2700 | D:4      | 2700 ||| IDENTIFYING scroll labelled NUDDEL XONENTE
  2701 | D:4      | 2701 ||| READING scroll of identify.
  2701 | D:4      | 2701 ||| IDENTIFYING scroll labelled IRHICL JIAN
  2702 | D:4      | 2702 ||| DROPPING scroll of silence.
  2703 | D:4      | 2703 ||| DROPPING scroll of blinking.
  2709 | Ossuary  | Entered an ossuary
  2802 | Ossuary  | Reached XP level 6. HP: 38/38 MP: 6/6
  2859 | Ossuary  | 2859 ||| Stepping ~*~*~tactically~*~*~ (retreating).
  2862 | Ossuary  | 2862 ||| Stepping ~*~*~tactically~*~*~ (retreating).
  2882 | Ossuary  | Reached skill level 7 in Ranged Weapons
  2906 | Ossuary  | Reached XP level 7. HP: 18/43 MP: 7/7
  2918 | Ossuary  | HP: 6/43 [elf zombie (6)]
  2919 | Ossuary  | 2919 ||| DRINKING amethyst potion.
  2924 | Ossuary  | HP: 4/43 [elf zombie (2)]
  3116 | Ossuary  | 3116 ||| READING 2 scrolls of identify.
  3116 | Ossuary  | 3116 ||| IDENTIFYING scroll labelled ROUKKI NOPLIVICY
  3117 | Ossuary  | 3117 ||| DROPPING scroll of vulnerability.
  3131 | D:4      | 3131 ||| PLANNING D:1-11
  3221 | D:4      | Found a sparkling altar of Nemelex Xobeh.
  3259 | D:4      | Reached skill level 8 in Ranged Weapons
  3323 | D:4      | Found a staircase to the Ecumenical Temple.
  3324 | D:4      | 3324 ||| PLANNING TEMPLE
  3332 | Temple   | Entered the Ecumenical Temple
  3333 | Temple   | 3333 ||| PLANNING D:1-11
  3427 | D:5      | Entered Level 5 of the Dungeon
  3531 | D:5      | Slain by an ogre

Levels and vault maps discovered:
D:1:      roderic_crossed_star, layout_basic, minmay_distorted
D:2:      layout_rooms, shapermc_ecumenical_altar_mp_urbaneastern, basic_altar,
          minmay_crystal_water, chequers_serial_rivers_micro_a,
          kennysheep_pointless_box, minmay_joined_circles
D:3:      layout_basic, mainiacjoe_overflow_concentric_impassable,
          chequers_serial_rivers_room_b, grunt_ministairs_8
D:4:      layout_basic, nemelex_xobeh_ov_fountains_minmay,
          lemuel_temple_firewalk_a, nicolae_ossuary_entry_plus,
          minmay_pentomino_pile
D:5:      layout_basic, ebering_ghost_sewer_d
Temple:   nicolae_temple_ecumenical_triangle

Skill      XL: |  1  2  3  4  5  6  7 |
---------------+----------------------+-----
Ranged Weapons | 5 6 7 8 |  8.2
Armour         | 1 2 |  2.6
Fighting       | 3 4 |  4.2
Dodging        | |  1.5
Stealth        | |  1.1

Action                     |  1- 3 |  4- 6 |  7- 9 || total
---------------------------+-------+-------+-------++-------
   Fire: Shortbow          |    87 |   208 |    71 ||   366
    Use: Potion            |     4 |     1 |     1 ||     6
         Scroll            |       |     8 |     1 ||     9
 Armour: Leather armour    |     5 |       |       ||     5
         Ring mail         |    13 |    80 |    30 ||   123
  Dodge: Dodged            |    19 |    61 |    25 ||   105

Table legend:
 A = Non-vault XP
 B = Vault XP
 C = Vault XP percentage of total XP
 D = Non-vault monster count
 E = Vault monster count
 F = Vault count percentage of total count
                 A         B        C        D         E       F
            +---------+---------+-------+---------+---------+-------
      Total |     476 |     591 |  55.4 |      59 |      57 |  49.1
            +---------+---------+-------+---------+---------+-------
        D:1 |      44 |       3 |   6.4 |      23 |       2 |   8.0
        D:2 |      40 |      41 |  50.6 |      12 |      10 |  45.5
        D:3 |      25 |      15 |  37.5 |       7 |       2 |  22.2
        D:4 |     331 |      19 |   5.4 |      16 |       4 |  20.0
        D:5 |      36 |       0 |   0.0 |       1 |       0 |   0.0
    Ossuary |       0 |     513 | 100.0 |       0 |      39 | 100.0
            +---------+---------+-------+---------+---------+-------
